[Event "Titled Tuesday Blitz February 21 Early 2023"]
[White "Dauner, Benedikt"]
[Black "Svane, Rasmus"]
[WhiteFideId "16225899"]
[BlackFideId "4657101"]
[WhiteElo "2400"]
[BlackElo "2623"]
[Result "0-1"]
[Round "01"]
[TimeControl "180+2"]
[Date "2023.02.21"]
[WhiteClock "0:00:06"]
[BlackClock "0:01:31"]

1. e4 c6 2. Nf3 d5 3. Nc3 dxe4 4. Nxe4 Nf6 5. Qe2 Nxe4 6. Qxe4 Qa5 7. Bc4 Bf5 8. Qe2 e6 9. O-O Be7 10. c3 O-O 11. d4 Nd7 12. Bf4 Rfe8 13. Rfe1 Rac8 14. Bb3 Qd8 15. Rad1 Nf6 16. Ne5 Nd5 17. Bg3 Bd6 18. Qf3 Qc7 19. c4 Nf6 20. c5 Bf8 21. Nc4 Qd8 22. Bd6 Bg4 23. Qg3 Bxd1 24. Bxd1 b5 25. Bxf8 Rxf8 26. Nd6 Rc7 27. Bc2 Rd7 28. Qh3 Rxd6 29. cxd6 Qxd6 30. Qh4 Rd8 31. h3 h6 32. Qg3 Qxg3 33. fxg3 Rxd4 34. Bb3 c5 35. a3 Kf8 36. Kf2 Rd2+ 37. Re2 Ne4+ 38. Ke3 Rxe2+ 39. Kxe2 Nxg3+ 40. Kf3 Nf5 41. Bd1 Ke7 42. Ke4 Nd6+ 43. Kd3 Kf6 44. Kc3 Ke5 45. Bf3 a5 46. Bc6 b4+ 47. axb4 axb4+ 48. Kd3 c4+ 49. Ke3 Nf5+ 50. Kd2 Kd4 51. Be8 Nd6 52. Bc6 f5 53. h4 e5 54. h5 f4 55. Ke2 e4 56. g3 f3+ 57. Kf2 c3 58. bxc3+ bxc3 59. Ba4 Kd3 60. g4 Nc4 61. g5 hxg5 62. h6 gxh6 63. Bb5 c2 64. Kg3 c1=Q 65. Kg4 f2 66. Kh5 f1=Q 67. Kg6 g4 68. Bd7 g3 69. Kh7 h5 70. Bf5 h4 71. Bg6 h3 72. Bh5 g2 73. Bg6 h2 74. Bh5 Kd4 75. Bg6 e3 76. Bh5 e2 77. Bg6 e1=Q 78. Be4 h1=Q+ 79. Kg7 g1=Q+ 80. Bg6 Qch6+ 0-1


[Site "https://www.chess.com"]

[Event "Titled Tuesday Blitz February 21 Early 2023"]
[White "Navara, David"]
[Black "Tworuszka, Michal"]
[WhiteFideId "309095"]
[BlackFideId "1117858"]
[WhiteElo "2678"]
[BlackElo "2260"]
[Result "1-0"]
[Round "01"]
[TimeControl "180+2"]
[Date "2023.02.21"]
[WhiteClock "0:00:17"]
[BlackClock "0:00:04"]

1. e4 c5 2. Nf3 d6 3. d4 cxd4 4. Nxd4 Nf6 5. Nc3 a6 6. g3 e5 7. Nde2 Be7 8. Bg2 O-O 9. O-O Nbd7 10. a4 b6 11. Nd5 Nxd5 12. Qxd5 Rb8 13. Nc3 Bb7 14. Qd3 Nc5 15. Qe2 Qc7 16. Rd1 Ne6 17. Be3 Rfc8 18. h4 Kh8 19. Bh3 Rd8 20. Nd5 Bxd5 21. Rxd5 Nc5 22. Qf3 Rf8 23. h5 h6 24. Bf5 Nd7 25. Qe2 Nf6 26. Rd3 Nd7 27. Rc3 Qb7 28. Bxd7 Qxd7 29. Qxa6 Qg4 30. Bxb6 Qxe4 31. a5 d5 32. Qd3 Qg4 33. Qxd5 Qxh5 34. Rc7 Bf6 35. Kg2 Qf5 36. Rc6 Rfc8 37. a6 Rxc6 38. Qxc6 Rc8 39. Qb7 Rxc2 40. a7 Bg5 41. a8=Q+ Kh7 42. Qe4 Qxe4+ 43. Qxe4+ g6 44. Qxc2 f5 45. Ra7+ Kg8 46. Qc8+ Bd8 47. Qxd8# 1-0


[Site "https://www.chess.com"]

[Event "Titled Tuesday Blitz February 21 Early 2023"]
[White "Khamdamova, Afruza"]
[Black "Tabatabaei, M. Amin"]
[WhiteFideId "14210444"]
[BlackFideId "12521213"]
[WhiteElo "2162"]
[BlackElo "2677"]
[Result "0-1"]
[Round "01"]
[TimeControl "180+2"]
[Date "2023.02.21"]
[WhiteClock "0:00:50"]
[BlackClock "0:01:42"]

1. e4 c6 2. d4 d5 3. Nc3 dxe4 4. Nxe4 Nf6 5. Nxf6+ exf6 6. c3 Bd6 7. Bd3 O-O 8. Qc2 Re8+ 9. Ne2 h5 10. O-O Qc7 11. h3 h4 12. Bd2 Nd7 13. Rae1 Nf8 14. c4 Be6 15. Nc3 Rad8 16. Be3 Qd7 17. Ne4 Bb8 18. Nc5 Qc7 19. f4 Bc8 20. Qf2 Ng6 21. Bxg6 fxg6 22. Qxh4 b6 23. Nb3 Bf5 24. Nc1 b5 25. b3 Qa5 26. Qf2 bxc4 27. bxc4 Qc3 28. c5 Bc7 29. Bd2 Qc4 30. Rxe8+ Rxe8 31. Nb3 Re2 32. Qg3 g5 33. Qc3 Qxc3 34. Bxc3 Bxf4 35. d5 Be4 36. Rf2 Be3 0-1


[Site "https://www.chess.com"]

[Event "Titled Tuesday Blitz February 21 Early 2023"]
[White "Bortnyk, Mykola"]
[Black "Malka, Samuel"]
[WhiteFideId "14120836"]
[BlackFideId "20643675"]
[WhiteElo "2425"]
[BlackElo "2165"]
[Result "1-0"]
[Round "01"]
[TimeControl "180+2"]
[Date "2023.02.21"]
[WhiteClock "0:01:52"]
[BlackClock "0:00:43"]

1. e4 e5 2. Nf3 Nc6 3. Bb5 a6 4. Ba4 Nf6 5. Qe2 Be7 6. O-O b5 7. Bb3 O-O 8. c3 d5 9. exd5 Nxd5 10. Nxe5 Nxe5 11. Qxe5 Bb7 12. d4 Bd6 13. Qh5 g6 14. Qh6 Qf6 15. Bg5 Qf5 16. Nd2 Bf4 17. Nf3 Rae8 18. Bxd5 Bxg5 19. Nxg5 1-0


[Site "https://www.chess.com"]

[Event "Titled Tuesday Blitz February 21 Early 2023"]
[White "Mendez Fortes, Eduardo Jesus"]
[Black "Demchenko, Anton"]
[WhiteFideId "3502376"]
[BlackFideId "4160258"]
[WhiteElo "2250"]
[BlackElo "2623"]
[Result "1-0"]
[Round "01"]
[TimeControl "180+2"]
[Date "2023.02.21"]
[WhiteClock "0:00:19"]
[BlackClock "0:00:02"]

1. e4 c5 2. Nf3 d6 3. d4 cxd4 4. Nxd4 Nf6 5. Nc3 Nc6 6. Bg5 Bd7 7. Qd2 a6 8. O-O-O e6 9. f4 Be7 10. Nf3 b5 11. e5 b4 12. exf6 bxc3 13. Qxc3 gxf6 14. Bh4 Rg8 15. Nd2 d5 16. Nb3 Rc8 17. Nd4 Nb4 18. Qb3 Ra8 19. a3 Nc6 20. Nxc6 Bxc6 21. f5 Rb8 22. Qc3 Ba4 23. Bxa6 Qd6 24. Bg3 e5 25. Bc4 d4 26. Rxd4 Rxg3 27. Qxg3 Qxd4 28. Qg8+ Kd7 29. Qxb8 Qxc4 30. Rd1+ Kc6 31. b3 Bxa3+ 32. Kb1 Bxb3 33. Qxb3 Qxb3+ 34. cxb3 e4 35. Kc2 Bd6 36. h3 Bf4 37. Rd4 Kc5 38. Rxe4 Be5 39. Rc4+ Kd5 40. g4 h6 41. Kd3 Bh2 42. b4 Bg3 43. b5 Bh2 44. Rc8 Kd6 45. b6 Kd7 46. b7 1-0


[Site "https://www.chess.com"]

[Event "Titled Tuesday Blitz February 21 Early 2023"]
[White "Makarian, Rudik"]
[Black "Pein, Jonathan"]
[WhiteFideId "44105681"]
[BlackFideId "417092"]
[WhiteElo "2545"]
[BlackElo "2265"]
[Result "1-0"]
[Round "01"]
[TimeControl "180+2"]
[Date "2023.02.21"]
[WhiteClock "0:00:12"]
[BlackClock "0:00:04"]

1. d4 g6 2. c4 Bg7 3. Nc3 Nf6 4. e4 O-O 5. Be2 b6 6. Nf3 Bb7 7. Qc2 d6 8. O-O Nc6 9. Rd1 e6 10. h3 Qe7 11. Be3 Rae8 12. a3 e5 13. dxe5 Nxe5 14. Nd5 Nxf3+ 15. Bxf3 Bxd5 16. cxd5 Nxe4 17. Rac1 f5 18. b4 Rf7 19. Qc4 Ng5 20. Bxg5 Qxg5 21. Re1 Re5 22. Rxe5 Bxe5 23. Re1 Re7 24. Kf1 Qd2 25. Re2 Qd1+ 26. Re1 Qd2 27. Rd1 Qb2 28. a4 Bc3 29. b5 Kf7 30. g3 Be5 31. Kg2 Bf6 32. h4 h5 33. Rd3 Qa1 34. Rd2 Qe1 35. Rc2 Qa1 36. Qf4 Bd4 37. Bxh5 gxh5 38. Qxf5+ Bf6 39. Qxh5+ Kg7 40. Rc4 Bd4 41. Qg4+ Kf7 42. Rxd4 Re1 43. Rf4+ Ke8 44. Qg8+ Kd7 45. Rf7+ Re7 46. Qg4+ Ke8 47. Rf3 Qe5 48. Qc8# 1-0


[Site "https://www.chess.com"]

[Event "Titled Tuesday Blitz February 21 Early 2023"]
[White "Yeritsyan, Hayk"]
[Black "Yilmaz, Mustafa"]
[WhiteFideId "13307320"]
[BlackFideId "6302718"]
[WhiteElo "2241"]
[BlackElo "2641"]
[Result "0-1"]
[Round "01"]
[TimeControl "180+2"]
[Date "2023.02.21"]
[WhiteClock "0:00:04"]
[BlackClock "0:00:04"]

1. d4 Nf6 2. Nf3 d5 3. e3 c5 4. Bd3 Nc6 5. c3 e6 6. Nbd2 Qc7 7. O-O Bd6 8. Qe2 O-O 9. Re1 e5 10. dxc5 Bxc5 11. e4 Be6 12. h3 Rad8 13. exd5 Bxd5 14. Ne4 Nxe4 15. Bxe4 Bxe4 16. Qxe4 Qb6 17. Qe2 Rfe8 18. b4 Bf8 19. Be3 Qc7 20. a3 e4 21. Nd2 Ne5 22. Nxe4 f5 23. Nc5 b6 24. Nb3 Nd3 25. Red1 Qxc3 26. Qa2 Kh8 27. Rd2 f4 28. Bd4 Qc4 29. Rad1 Re1+ 30. Kh2 Rxd1 31. Rxd1 Rxd4 32. Nxd4 Qxa2 33. Rxd3 Qc4 34. Rd2 Kg8 35. Nf3 Qc3 36. Rd8 Qxa3 37. b5 Qc5 38. Ng5 Qxg5 0-1


[Site "https://www.chess.com"]

[Event "Titled Tuesday Blitz February 21 Early 2023"]
[White "Kovalenko, Igor"]
[Black "Shuvalov, Evgenij"]
[WhiteFideId "14117908"]
[BlackFideId "4187237"]
[WhiteElo "2674"]
[BlackElo "2038"]
[Result "1-0"]
[Round "01"]
[TimeControl "180+2"]
[Date "2023.02.21"]
[WhiteClock "0:00:35"]
[BlackClock "0:00:05"]

1. d4 Nf6 2. Nf3 g6 3. Bf4 Bg7 4. e3 O-O 5. c3 b6 6. h3 Bb7 7. a4 a6 8. Bc4 d6 9. O-O c5 10. Re1 d5 11. Bf1 Nbd7 12. Nbd2 Re8 13. Ne5 e6 14. b4 cxb4 15. cxb4 Rc8 16. Qb3 Nh5 17. Bh2 Nxe5 18. dxe5 Bf8 19. g4 Ng7 20. Nf3 Re7 21. Rec1 Rec7 22. Rxc7 Qxc7 23. Nd4 Qc3 24. Qxc3 Rxc3 25. b5 a5 26. Bf4 Ne8 27. Bg5 Bc5 28. Bd8 Kg7 29. Rb1 h6 30. Nb3 f6 31. Nxc5 bxc5 32. Bxa5 Ra3 33. Bb6 Rxa4 34. exf6+ Nxf6 35. Bxc5 Ne4 36. Bd4+ Kf7 37. Rc1 Nd6 38. Rc7+ Ke8 39. Be5 Nf7 40. Bf6 Ba8 41. b6 Nd6 42. Re7+ Kf8 43. Rxe6 Nc4 44. Bd4 Rb4 45. Rxg6 Nxb6 46. Rxb6 Rxb6 47. Bxb6 Kf7 48. Bd4 Kg6 49. f4 Bc6 50. Bd3+ Kf7 51. h4 Bd7 52. f5 Bc6 53. g5 hxg5 54. hxg5 Kg8 55. g6 Be8 56. Kf2 Bd7 57. Kg3 Be8 58. f6 Kf8 59. Bf5 Kg8 60. Be6+ Kf8 61. Bc5# 1-0


[Site "https://www.chess.com"]

[Event "Titled Tuesday Blitz February 21 Early 2023"]
[White "Buksa, Nataliya"]
[Black "Terry, Renato"]
[WhiteFideId "14123622"]
[BlackFideId "3803457"]
[WhiteElo "2406"]
[BlackElo "2520"]
[Result "0-1"]
[Round "01"]
[TimeControl "180+2"]
[Date "2023.02.21"]
[WhiteClock "0:00:32"]
[BlackClock "0:01:22"]

1. d4 d5 2. Nc3 Nf6 3. Bf4 c6 4. e3 Qb6 5. Rb1 Bf5 6. Nf3 e6 7. Ne5 h6 8. Bd3 Nbd7 9. O-O Be7 10. a4 a5 11. h3 O-O 12. Bxf5 exf5 13. Nxd7 Nxd7 14. Qh5 g5 15. Bh2 Kg7 16. Ne2 c5 17. Qf3 Qe6 18. Ng3 Kg6 19. Qh5+ Kh7 20. Qf3 Ra6 21. Nxf5 Bf6 22. Bd6 Rxd6 23. Nxd6 Qxd6 24. Qf5+ Kg7 25. dxc5 Nxc5 26. Rfd1 Rd8 27. c4 Qe5 28. Qxe5 Bxe5 29. cxd5 Nxa4 30. Rd2 Nc5 31. b4 axb4 32. Rc2 Bc3 33. Rd1 f5 34. f3 Kf6 35. d6 Ke6 36. d7 Rxd7 37. Rxd7 Kxd7 0-1


[Site "https://www.chess.com"]

[Event "Titled Tuesday Blitz February 21 Early 2023"]
[White "Indjic, Aleksandar"]
[Black "Jimenez Almeida, Luis David"]
[WhiteFideId "911925"]
[BlackFideId "22242244"]
[WhiteElo "2618"]
[BlackElo "2242"]
[Result "1-0"]
[Round "01"]
[TimeControl "180+2"]
[Date "2023.02.21"]
[WhiteClock "0:00:04"]
[BlackClock "0:00:01"]

1. e4 c6 2. d4 Na6 3. Nd2 Nc7 4. c3 g6 5. Bd3 Bg7 6. f4 d6 7. Ne2 Nf6 8. Nf3 O-O 9. e5 Nfd5 10. O-O a5 11. c4 Nb4 12. Bb1 Bg4 13. a3 Nba6 14. Qe1 b5 15. cxb5 Nxb5 16. Be3 c5 17. dxc5 Nxc5 18. Bxc5 dxc5 19. Be4 Rb8 20. Rd1 Nd4 21. Nexd4 cxd4 22. Rf2 Qb6 23. h3 Bxf3 24. Bxf3 Rfd8 25. Rd3 e6 26. Be4 Bf8 27. h4 Rbc8 28. Rfd2 Qc5 29. Qf2 h5 30. Kh2 Bh6 31. g3 Bf8 32. Kh3 Qb6 33. g4 hxg4+ 34. Kxg4 Rc1 35. h5 gxh5+ 36. Kxh5 Be7 37. Rg3+ Kf8 38. Qg2 Ke8 39. Rg8+ Kd7 40. Rxd8+ Bxd8 41. Qg8 Ke7 42. Qg5+ Ke8 43. Qg8+ Ke7 44. f5 exf5 45. Qg5+ Ke8 46. Qxf5 Re1 47. Rf2 Qe6 48. Qxe6+ fxe6 49. Bc6+ Ke7 50. Kg6 Rxe5 51. a4 Rc5 52. Bb5 Kd6 53. Re2 1-0


[Site "https://www.chess.com"]

[Event "Titled Tuesday Blitz February 21 Early 2023"]
[White "Tifferet, Shaked"]
[Black "Perez Ponsa, Federico"]
[WhiteFideId "2811529"]
[BlackFideId "117927"]
[WhiteElo "2142"]
[BlackElo "2532"]
[Result "1-0"]
[Round "01"]
[TimeControl "180+2"]
[Date "2023.02.21"]
[WhiteClock "0:00:14"]
[BlackClock "0:00:38"]

1. e4 c5 2. Nf3 d6 3. Nc3 Nf6 4. e5 dxe5 5. Nxe5 a6 6. g3 Qd6 7. Nf3 Bg4 8. Bg2 Qe6+ 9. Qe2 Qxe2+ 10. Nxe2 Nc6 11. a3 e6 12. d3 Be7 13. h3 Bh5 14. g4 Bg6 15. Nh4 Rc8 16. b3 Nd5 17. Nxg6 hxg6 18. Bb2 Bf6 19. Bxf6 Nxf6 20. Nc3 Rc7 21. Kd2 Ke7 22. Rae1 g5 23. Bxc6 Rxc6 24. f3 Nd5 25. Nxd5+ Kd6 26. Nc3 f6 27. Re2 Ke7 28. Reh2 Kf7 29. h4 gxh4 30. Rxh4 Rd8 31. g5 f5 32. Rh8 Rd7 33. f4 b5 34. Re1 c4 35. bxc4 bxc4 36. Rh3 cxd3 37. Rxd3 Rdc7 38. Rb1 Kg6 39. Rb4 Kh5 40. Rbd4 Kg4 41. g6 a5 42. Rd6 Rxd6 43. Rxd6 Kxf4 44. Rxe6 Kg5 45. Nd5 Rc5 46. Ne7 f4 47. Rd6 f3 48. Rd5+ Rxd5+ 49. Nxd5 Kxg6 50. Ke3 Kf5 51. Kxf3 Ke5 52. c4 Kd4 53. Ne3 g5 54. a4 Kc5 55. Kg4 Kd4 56. Kxg5 1-0


[Site "https://www.chess.com"]

[Event "Titled Tuesday Blitz February 21 Early 2023"]
[White "Anton Guijarro, David"]
[Black "Khandelwal, Ankush"]
[WhiteFideId "2285525"]
[BlackFideId "413470"]
[WhiteElo "2690"]
[BlackElo "2205"]
[Result "1-0"]
[Round "01"]
[TimeControl "180+2"]
[Date "2023.02.21"]
[WhiteClock "0:00:12"]
[BlackClock "0:00:10"]

1. e4 c6 2. Nf3 d5 3. d3 g6 4. e5 Bg7 5. d4 c5 6. c3 Nc6 7. h3 Nh6 8. dxc5 O-O 9. Bb5 e6 10. O-O Nf5 11. Re1 Nh4 12. Nbd2 Bd7 13. Nxh4 Qxh4 14. Nf3 Qh5 15. Bxc6 bxc6 16. Bg5 h6 17. Be7 Rfb8 18. b4 a5 19. a3 Bc8 20. Bd6 Rb7 21. Nd4 Qxd1 22. Rexd1 Ra6 23. Rdb1 f6 24. f4 g5 25. g3 gxf4 26. gxf4 fxe5 27. fxe5 Bd7 28. a4 Be8 29. Nxe6 Bg6 30. b5 cxb5 31. Rxb5 Rf7 32. Nxg7 Rxg7 33. Kh2 Bd3 34. Rb8+ Kh7 35. Rg1 Raa7 36. e6 Be4 37. e7 Rxg1 38. Kxg1 Bg6 39. e8=Q 1-0


[Site "https://www.chess.com"]

[Event "Titled Tuesday Blitz February 21 Early 2023"]
[White "Ronka, Erik"]
[Black "Vokhidov, Shamsiddin"]
[WhiteFideId "505080"]
[BlackFideId "14204223"]
[WhiteElo "2276"]
[BlackElo "2586"]
[Result "0-1"]
[Round "01"]
[TimeControl "180+2"]
[Date "2023.02.21"]
[WhiteClock "0:00:08"]
[BlackClock "0:02:20"]

1. e4 c5 2. Nf3 d6 3. d4 cxd4 4. Nxd4 Nf6 5. Nc3 Nc6 6. Bg5 Bd7 7. Qd2 a6 8. O-O-O e6 9. f4 b5 10. Bxf6 gxf6 11. Kb1 Qb6 12. Nxc6 Bxc6 13. f5 b4 14. Ne2 e5 15. Ng3 h5 16. h4 Qc5 17. Qe2 Ke7 18. Nxh5 Bb5 19. Qf3 Rc8 20. Bd3 Bxd3 21. cxd3 Qc2+ 22. Ka1 Bh6 23. g4 Bc1 24. Rxc1 Qxc1+ 25. Rxc1 Rxc1# 0-1


[Site "https://www.chess.com"]

[Event "Titled Tuesday Blitz February 21 Early 2023"]
[White "Timofeev, Artyom"]
[Black "Golubev, Mikhail"]
[WhiteFideId "4140419"]
[BlackFideId "14100983"]
[WhiteElo "2567"]
[BlackElo "2461"]
[Result "1-0"]
[Round "01"]
[TimeControl "180+2"]
[Date "2023.02.21"]
[WhiteClock "0:01:27"]
[BlackClock "0:00:01"]

1. e4 c5 2. Nf3 d6 3. d4 cxd4 4. Nxd4 Nf6 5. Nc3 g6 6. Be2 Bg7 7. O-O O-O 8. Re1 Nc6 9. Nb3 Be6 10. Bg5 d5 11. exd5 Nxd5 12. Nxd5 Qxd5 13. Qxd5 Bxd5 14. c3 h6 15. Be3 Rad8 16. Red1 e5 17. Nc5 b6 18. Na6 Be6 19. Nc7 Bc8 20. Bf3 Ne7 21. Nb5 Rxd1+ 22. Rxd1 a6 23. Na7 Nf5 24. Bxb6 1-0


[Site "https://www.chess.com"]

[Event "Titled Tuesday Blitz February 21 Early 2023"]
[White "Zhukova, Natalia"]
[Black "Zhigalko, Sergei"]
[WhiteFideId "14101513"]
[BlackFideId "13502956"]
[WhiteElo "2324"]
[BlackElo "2572"]
[Result "0-1"]
[Round "01"]
[TimeControl "180+2"]
[Date "2023.02.21"]
[WhiteClock "0:00:01"]
[BlackClock "0:00:48"]

1. c4 e5 2. Nc3 Nf6 3. Nf3 Nc6 4. e4 Bb4 5. d3 d6 6. a3 Bc5 7. b4 Bb6 8. g3 Bg4 9. Bg2 a5 10. Rb1 axb4 11. axb4 O-O 12. O-O Nd4 13. Bg5 c6 14. Be3 Ra3 15. Bxd4 Bxd4 16. Ne2 Bb6 17. h3 Be6 18. Kh2 h6 19. Ra1 Qa8 20. Qc1 Rxa1 21. Qxa1 Qxa1 22. Rxa1 Bxf2 23. g4 Be3 24. Kg3 Rb8 25. Ra3 b5 26. cxb5 Rxb5 27. Ra8+ Kh7 28. Rd8 Bd7 29. h4 g5 30. hxg5 hxg5 31. d4 Nxe4+ 32. Kh2 Nf6 33. dxe5 dxe5 34. Ng3 Bf4 0-1


[Site "https://www.chess.com"]

[Event "Titled Tuesday Blitz February 21 Early 2023"]
[White "Bharath Subramaniyam H"]
[Black "Bambino Filho, Antonio Carlos"]
[WhiteFideId "46634827"]
[BlackFideId "2113163"]
[WhiteElo "2517"]
[BlackElo "2144"]
[Result "1-0"]
[Round "01"]
[TimeControl "180+2"]
[Date "2023.02.21"]
[WhiteClock "0:01:26"]
[BlackClock "0:02:04"]

1. e4 c5 2. Nf3 d6 3. Bb5+ Nc6 4. O-O Bd7 5. Re1 Nf6 6. c3 a6 7. Bf1 Bg4 8. h3 Bh5 9. a4 e6 10. Na3 Be7 11. Nc2 O-O 12. d4 cxd4 13. cxd4 d5 14. e5 Ne4 15. Be2 Rc8 16. Nh2 Bg6 17. Bd3 Nb4 18. Nxb4 Bxb4 19. Re2 Qb6 20. Be3 Be7 21. Nf1 f5 22. a5 Qb4 23. Ra4 1-0


[Site "https://www.chess.com"]

[Event "Titled Tuesday Blitz February 21 Early 2023"]
[White "Bozorov, Makhsum"]
[Black "Mitrabha, Guha"]
[WhiteFideId "14201330"]
[BlackFideId "5057000"]
[WhiteElo "2145"]
[BlackElo "2507"]
[Result "0-1"]
[Round "01"]
[TimeControl "180+2"]
[Date "2023.02.21"]
[WhiteClock "0:00:12"]
[BlackClock "0:01:09"]

1. d4 Nf6 2. Nf3 b6 3. g3 Bb7 4. Bg2 c5 5. O-O cxd4 6. Nxd4 Bxg2 7. Kxg2 Qc8 8. Qd3 Nc6 9. Nxc6 Qxc6+ 10. Kg1 h5 11. h4 g6 12. c4 Bg7 13. Nc3 Ng4 14. Bf4 O-O 15. Rac1 Rfe8 16. b3 Rac8 17. e4 a6 18. f3 Ne5 19. Bxe5 Bxe5 20. Kg2 b5 21. Nd5 e6 22. Ne3 b4 23. Rcd1 Rc7 24. Nc2 a5 25. Nd4 Qc5 26. Ne2 a4 27. f4 Bg7 28. e5 axb3 29. axb3 Ra8 30. Ra1 Rca7 31. Rxa7 Rxa7 32. Rd1 Ra2 33. Rd2 Qc6+ 34. Kf2 Ra1 35. Rd1 Ra7 36. Qd6 Qb7 37. Qd3 Bf8 38. Qf3 Bc5+ 39. Kg2 Qb6 40. Rd2 Kg7 41. Qd3 Kg8 42. Qf3 Kh7 43. Qe4 Kg7 44. Qf3 Qc7 45. Nc1 Ra1 46. Ne2 Qa7 47. Qd3 Be3 48. Rd1 Qb7+ 49. Kh2 Qf3 50. Rxa1 Bg1+ 51. Kxg1 Qxd3 52. Re1 Qxb3 53. Kf2 Qxc4 54. Rd1 b3 55. Rxd7 Qc5+ 0-1


[Site "https://www.chess.com"]

[Event "Titled Tuesday Blitz February 21 Early 2023"]
[White "Chigaev, Maksim"]
[Black "Hajiyev, Kanan"]
[WhiteFideId "4108116"]
[BlackFideId "13404148"]
[WhiteElo "2628"]
[BlackElo "2197"]
[Result "1-0"]
[Round "01"]
[TimeControl "180+2"]
[Date "2023.02.21"]
[WhiteClock "0:00:25"]
[BlackClock "0:00:06"]

1. e4 c6 2. Nf3 d5 3. d3 Bg4 4. h3 Bh5 5. g4 Bg6 6. h4 h5 7. Ne5 Bh7 8. g5 dxe4 9. Nc3 Bf5 10. dxe4 Qxd1+ 11. Kxd1 Be6 12. g6 Nh6 13. f3 Nd7 14. gxf7+ Bxf7 15. Nxf7 Nxf7 16. Bh3 O-O-O 17. Ke2 Kc7 18. Be6 Nd6 19. Be3 g6 20. Rhg1 Bh6 21. f4 Nf8 22. Bb3 b6 23. a4 a5 24. Rad1 Nb7 25. e5 Rxd1 26. Rxd1 e6 27. Ne4 Rh7 28. Nf6 Re7 29. Ng8 Rh7 30. Nxh6 Rxh6 31. f5 Rh7 32. f6 Rd7 33. Rg1 c5 34. Bh6 Nd8 35. Bxf8 1-0


[Site "https://www.chess.com"]

[Event "Titled Tuesday Blitz February 21 Early 2023"]
[White "Cunha, Lucas Aguiar"]
[Black "Ter-Sahakyan, Samvel"]
[WhiteFideId "2125404"]
[BlackFideId "13302531"]
[WhiteElo "2309"]
[BlackElo "2617"]
[Result "0-1"]
[Round "01"]
[TimeControl "180+2"]
[Date "2023.02.21"]
[WhiteClock "0:00:17"]
[BlackClock "0:00:06"]

1. e4 c5 2. Nf3 Nc6 3. Nc3 Nf6 4. e5 Ng4 5. Qe2 Qc7 6. Nd5 Qb8 7. d4 cxd4 8. Bf4 e6 9. h3 Nh6 10. Bxh6 exd5 11. Bd2 Bc5 12. O-O-O O-O 13. Qb5 d6 14. exd6 Qxd6 15. Bd3 a6 16. Qb3 h6 17. Rhe1 a5 18. Qa4 Bd7 19. Bb5 Rac8 20. Kb1 Bf5 21. Nh4 Bh7 22. f4 Qf6 23. Nf3 Nb4 24. Bxb4 Bxb4 25. Re2 Qxf4 26. Rxd4 Qf6 27. a3 Bc5 28. Rxd5 b6 29. Bd3 Bxd3 30. Rxd3 Rcd8 31. Red2 Rxd3 32. Rxd3 Qe6 33. Rd2 Rc8 34. Qb5 Be7 35. Re2 Qd6 36. Rd2 Qf6 37. Rd7 Bc5 38. Qb3 Re8 39. Qd3 g6 40. h4 Bf8 41. h5 g5 42. Qc4 Bg7 43. c3 Qf5+ 44. Qd3 Qxd3+ 45. Rxd3 Re2 46. Rd2 Re6 47. Kc2 f5 48. a4 Bf6 49. Rd5 f4 50. Kd3 Kf7 51. Nh2 Re3+ 52. Kc2 Rg3 53. Rd2 Bg7 54. Nf1 Rg4 55. Rf2 Ke6 56. Kd3 Rh4 57. g3 Rh3 58. Ke4 fxg3 59. Rg2 Be5 60. Ne3 Rh4+ 61. Kd3 Rxa4 62. Nc4 b5 63. Nd2 Rh4 64. Nf3 Rf4 65. Ke2 g4 66. Nd2 Rf2+ 67. Rxf2 gxf2 68. Kxf2 Kf5 69. Nb3 a4 70. Nc5 Kg5 71. Nd7 Bd6 72. Kg2 Kxh5 73. Nb6 Kg5 74. Nc8 Bc5 75. Kg3 h5 0-1


[Site "https://www.chess.com"]

[Event "Titled Tuesday Blitz February 21 Early 2023"]
[White "Sanal, Vahap"]
[Black "Erzhanov, Arman"]
[WhiteFideId "6300545"]
[BlackFideId "4138821"]
[WhiteElo "2600"]
[BlackElo "2228"]
[Result "1-0"]
[Round "01"]
[TimeControl "180+2"]
[Date "2023.02.21"]
[WhiteClock "0:00:11"]
[BlackClock "0:00:16"]

1. e4 d6 2. d4 Nf6 3. Nc3 e5 4. Nf3 Nbd7 5. Bc4 Be7 6. O-O O-O 7. Re1 a6 8. a4 b6 9. Ba2 Bb7 10. d5 c6 11. h3 cxd5 12. Nxd5 Nxd5 13. Bxd5 Bxd5 14. Qxd5 Nf6 15. Qd3 Qc7 16. c4 h6 17. b3 Nd7 18. Ba3 Nc5 19. Qc2 Rac8 20. Nd2 Ne6 21. Nf1 Nd4 22. Qd3 f5 23. exf5 Nxf5 24. Rad1 Rcd8 25. Ne3 Nxe3 26. Rxe3 a5 27. Qd5+ Kh8 28. Re4 Rf6 29. f3 Rdf8 30. Kh1 Rd8 31. Rg4 Qc8 32. Qd3 Qc6 33. Qe4 Qc8 34. Rd5 Rdf8 35. Bc1 Qf5 36. Qxf5 Rxf5 37. Ba3 R5f6 38. Re4 Rb8 39. Re2 Kg8 40. Rb5 Kf7 41. Kg1 Ke6 42. Bb2 Kd7 43. c5 dxc5 44. Bxe5 Re6 45. Bxb8 Rxe2 46. Rxb6 Rb2 47. Rb7+ Ke6 48. Rb5 Bf6 49. Bg3 Bd4+ 50. Kh2 c4 51. bxc4 Rc2 52. Rxa5 Rxc4 53. Ra6+ Kf5 54. Bd6 Rc1 55. Ra5+ Ke6 56. Bf4 Bg1+ 57. Kg3 Ra1 58. Ra6+ Kf5 59. Bc7 g5 60. Ra5+ Ke6 61. h4 Be3 62. hxg5 hxg5 63. Kg4 Ra2 64. Re5+ Kd7 65. Rxe3 Kxc7 66. g3 Rxa4+ 67. Kxg5 Kd6 68. f4 Ra8 69. g4 Rg8+ 70. Kh4 Rh8+ 71. Kg3 Rh1 72. g5 Rg1+ 73. Kf3 Rf1+ 74. Kg4 Kd5 75. Kf5 Kd4 76. Re5 Ra1 77. g6 Ra8 78. Kg5 Ra1 79. Re7 Rg1+ 80. Kf6 Kd5 81. f5 Kd6 82. Re4 Kd5 83. Re2 Kd6 84. Kf7 Rg5 85. f6 1-0


[Site "https://www.chess.com"]

[Event "Titled Tuesday Blitz February 21 Early 2023"]
[White "Degenbaev, Aziz"]
[Black "Madaminov, Mukhiddin"]
[WhiteFideId "13802640"]
[BlackFideId "14210703"]
[WhiteElo "2203"]
[BlackElo "2422"]
[Result "0-1"]
[Round "01"]
[TimeControl "180+2"]
[Date "2023.02.21"]
[WhiteClock "0:00:38"]
[BlackClock "0:01:28"]

1. e4 e5 2. Nf3 Nc6 3. Bc4 Nf6 4. d3 h6 5. O-O d6 6. h3 g5 7. Ne1 g4 8. h4 d5 9. exd5 Nxd5 10. g3 Be6 11. Ng2 Qd7 12. c3 O-O-O 13. Qe2 f5 14. b4 Bg7 15. a4 f4 16. gxf4 exf4 17. Bxd5 Bxd5 18. Nxf4 Rhe8 19. Be3 Ne5 20. Nd2 Nf3+ 0-1


[Site "https://www.chess.com"]

[Event "Titled Tuesday Blitz February 21 Early 2023"]
[White "Bachmann, Axel"]
[Black "Aarav Dengla"]
[WhiteFideId "3700488"]
[BlackFideId "45059756"]
[WhiteElo "2604"]
[BlackElo "2343"]
[Result "1-0"]
[Round "01"]
[TimeControl "180+2"]
[Date "2023.02.21"]
[WhiteClock "0:00:57"]
[BlackClock "0:00:02"]

1. Nf3 d5 2. e3 Nf6 3. c4 e6 4. b3 b6 5. Bb2 Bb7 6. cxd5 exd5 7. Nc3 c5 8. d4 Nc6 9. Be2 Be7 10. O-O O-O 11. Rc1 Rc8 12. dxc5 bxc5 13. Na4 Ne4 14. Nd2 Qa5 15. Nxe4 dxe4 16. Qd7 Rc7 17. Qg4 f6 18. Bc3 Nb4 19. a3 Bd5 20. axb4 cxb4 21. Bd4 Bxb3 22. Rxc7 Qxc7 23. Nc5 Bxc5 24. Rc1 a5 25. Rxc5 Qd8 26. Qxe4 a4 27. Bd3 g6 28. Qb7 Qb8 29. Qe7 Rf7 30. Qe4 a3 31. Ra5 Rc7 32. Ra8 Rc1+ 33. Bf1 Qxa8 34. Qxa8+ Kg7 35. Qb7+ Kh6 36. Qxb4 Bc4 37. Qxc4 Rxc4 38. Bxc4 a2 39. Bxf6 1-0


[Site "https://www.chess.com"]